 Dungeon Crawl Stone Soup version 0.28.0-45-g0d030f2227 (webtiles) character file.

Game seed: 16439113271619455340

612 zeratav the Insei (level 7, -3/46 HPs)
             Began as an Octopode Transmuter on Apr 9, 2022.
             Was an Initiate of Ashenzari.
             Slain by an orc
             ... wielding a +0 club
              (5 damage)
             ... on level 4 of the Dungeon on Apr 10, 2022.
             The game lasted 00:11:02 (5332 turns).

zeratav the Insei (Octopode Transmuter)             Turns: 5332, Time: 00:11:03

Health: -3/46      AC:  1    Str:  9    XL:     7   Next: 44%
Magic:  10/10      EV: 14    Int: 15    God:    Ashenzari [......]
Gold:   165        SH:  0    Dex: 15    Spells: 6/10 levels left

rFire   . . .      SeeInvis .   r - +2 short sword (elec) {short}
rCold   . . .      Faith    .   (no shield)
rNeg    . . .      Spirit   .   (helmet restricted)
rPois   +          Reflect  .   (no amulet)
rElec   .          Harm     .   j - ring of poison resistance
rCorr   .          Rampage  .   (no ring)
Will    .....                   (no ring)
Stlth   ++........              (no ring)
HPRegen 0.15/turn               (no ring)
MPRegen 0.12/turn               (no ring)
                                (no ring)
                                (no ring)

@: confused
A: almost no armour, amphibious, 8 rings, camouflage 1, gelatinous body 1,
(nimble swimmer 1), tentacles
a: Renounce Religion


You were on level 4 of the Dungeon.
You worshipped Ashenzari.
Ashenzari was noncommittal.
You visited 2 branches of the dungeon, and saw 6 of its levels.

You collected 165 gold pieces.


Innate Abilities, Weirdness & Mutations

You cannot wear most types of armour.
You are amphibious.
You can wear up to eight rings at the same time.
Your skin changes colour to match your surroundings (Stealth+).
Your rubbery body absorbs attacks. (AC +1, EV +1)
((You are camouflaged when in or above water. (Stealth+)))
You have tentacles for arms and can constrict up to eight enemies at once.


   Skills:
 + Level 3.3 Fighting
 + Level 3.9 Dodging
 + Level 4.7 Stealth
 * Level 5.8 Unarmed Combat
 - Level 2.0 Spellcasting
 - Level 2.0 Transmutations


You had 6 spell levels left.
You knew the following spells:

 Your Spells              Type           Power      Damage    Failure   Level
a - Beastly Appendage     Tmut           14%        N/A       10%         1
b - Spider Form           Tmut/Pois      4%         N/A       41%         3

Your spell library contained the following spells:

 Spells                   Type           Power      Damage    Failure   Level
 Wereblood                Tmut           7%         N/A       14%         2
 Ensorcelled Hibernation  Hex/Ice        2%         N/A       32%         2
 Portal Projectile        Hex/Tloc       2%         N/A       54%         3
 Stone Arrow              Conj/Erth      2%         3d7       54%         3
 Ice Form                 Ice/Tmut       4%         N/A       82%         4
 Anguish                  Hex/Necr       0%         N/A       91%         4
 Blade Hands              Tmut           3%         N/A       95%         5
 Excruciating Wounds      Necr           0%         N/A       99%         5
 Lehudib's Crystal Spear  Conj/Erth      0%         10d2      100%        8
 Animate Armour           Summ/Erth      Unusable   N/A       N/A         4

Inventory:

Hand Weapons
 f - the +2 hunting sling "Qusk" {freeze, Stlth+, sling}
   (You found it on level 2 of the Dungeon)

   Any ammunition fired from it freezes those it strikes, dealing additional
   cold damage.
   It can also slow down cold-blooded creatures.
   Stlth:     It makes you more stealthy.
 r - a +2 short sword of electrocution (weapon) {short}
   (You found it on level 3 of the Dungeon)
Missiles
 t - 4 sling bullets
Magical Staves
 m - a staff of conjuration {@e2staff}
   (You found it on level 3 of the Dungeon)
Jewellery
 j - a ring of poison resistance (left tentacle)
   (You found it on level 2 of the Dungeon)
Scrolls
 a - a scroll of brand weapon {unknown}
 b - 5 scrolls of identify {unknown}
 c - 2 scrolls of teleportation {unknown}
 g - a scroll of noise {unknown}
 h - a scroll of immolation {unknown}
 l - a scroll of acquirement {unknown}
 s - a scroll of fog {unknown}
Potions
 d - 2 potions of might {unknown}
 e - a potion of degeneration {unknown}
 i - a potion of heal wounds {unknown}
 k - 3 potions of haste {unknown}
 n - 2 potions of berserk rage {unknown}
 o - a potion of curing {unknown}
 p - a potion of lignification {unknown}
 q - a potion of mutation {unknown}

Dungeon Overview and Level Annotations

Branches:
Dungeon (5/15)             Temple (1/1) D:4

Altars:
Ashenzari
Cheibriados
Dithmenos
Elyvilon
Hepliaklqana
Kikubaaqudgha
Makhleb
Nemelex Xobeh
Okawaru
Qazlal
Sif Muna
Trog
Uskayaw
Vehumet
Wu Jian
Xom
Zin

Shops:
D:3

* #.## ##.##.........#.#.#
###...# #.# #..##...##.....#.#
#...# #.## ##.......##.#..##.#
#....
##.###........##.......######...#
##...#.......##.#..##...........
##.##......([..#.............(.
####.##........)...###...........
#............###o### ########...#
#.##.#.......# #@# #....
#.##.#..####.# #{# #...#
.....#..####.###.# #...#
..####..#........# #...#
........#)##.##### #...#
........#.##.# #...#
.............# ############.##
........#.##.# #.....#........
..........##.# #.###.#.###..##


You could see an orc.


Message History

There is an open door here.
Search for what [Enter for "stone", or ? for help]? shop You see here 20 bolts. 2 orcs come into view.
The orc shouts!
An orc comes into view. It is wielding a +0 club.
An orc wizard comes into view. It is wielding a +0 dagger.
The orc moves out of view.
An orc comes into view. It is wielding a +0 flail.
The orc shouts!
The orc wizard shouts!
The orc wizard points at you and mumbles some strange words.
The magic dart hits you!
The orc shouts!
HP[-10]
You take 10 damage, and now have 36/46 hp.
MASSIVE DAMAGE!! (PAUSE) HP[+1]
The orc wizard casts a spell.
The orc wizard flickers and vanishes!
Deactivating autopickup; reactivate with Ctrl-A.
HP[+1] HP[+1] HP[+1] HP[+1]
You hit the orc. You grab the orc. You constrict the orc.
The orc hits you with a +0 flail.
HP[-2]
You take 2 damage, and now have 39/46 hp.
You hit the orc.
You kill the orc!
You miss something. Your squeeze misses something. Something hits you.
HP[-1]
You take 1 damage, and now have 38/46 hp.
You miss something. Your squeeze misses something. Something hits you.
HP[-3]
You take 3 damage, and now have 35/46 hp.
There is a stone staircase leading up here.
You closely miss something.
Your tentacle-slap misses something.
Your squeeze misses something. You hit something but do no damage.
Your squeeze misses something. You hit the orc but do no damage.
Your grab misses the orc.
Your tentacle-slap misses the orc.
An orc wizard appears from thin air!
Reactivating autopickup.
The orc wizard hits you with a +0 dagger.
The orc hits you with a +0 club.
HP[-6]
You take 6 damage, and now have 29/46 hp.
You closely miss the orc wizard. Your grab misses the orc wizard.
The orc wizard barely misses you. The orc closely misses you.
HP[+1]
You closely miss the orc wizard. You grab the orc wizard.
You constrict the orc wizard. The orc wizard casts a spell at you.
You are confused.
The orc barely misses you. The orc wizard casts a spell at you.
You are more confused.
You release your grip on the orc wizard.
The orc hits you with a +0 club.
The orc wizard mumbles some strange words.
The orc wizard flickers and vanishes!
Deactivating autopickup; reactivate with Ctrl-A.
You climb upwards.
Reactivating autopickup.
There is a stone staircase leading down, spattered with blood here.
HP[-4]
You take 4 damage, and now have 26/46 hp.
You bump into the rock wall.
The orc misses you. Something hits you.
Deactivating autopickup; reactivate with Ctrl-A.
HP[-2]
You take 2 damage, and now have 24/46 hp.
You bump into the rock wall.
The orc hits you but does no damage.
You hear some strange, mumbled words.
You are more confused.
You bump into the rock wall.
The orc barely misses you. Something hits you.
* * * LOW HITPOINT WARNING * * *
HP[-3]
You take 3 damage, and now have 21/46 hp.
You bump into the rock wall.
The orc hits you with a +0 club.
* * * LOW HITPOINT WARNING * * *
Something barely misses you.
You hit the orc but do no damage. The orc hits you with a +0 club.
* * * LOW HITPOINT WARNING * * *
Something completely misses you.
HP[-5]
You take 5 damage, and now have 16/46 hp.
You bump into the rock wall.
The orc hits you with a +0 club.
* * * LOW HITPOINT WARNING * * *
Something hits you.
* * * LOW HITPOINT WARNING * * *
HP[-6]
You take 6 damage, and now have 10/46 hp.
You hit the orc. Your squeeze misses the orc. The orc barely misses you.
Something completely misses you.
You miss something. The orc hits you with a +0 club.
* * * LOW HITPOINT WARNING * * *
Something hits you.
* * * LOW HITPOINT WARNING * * *
The orc hits you with a +0 club.
You die...

Skill      XL: |  1  2  3  4  5  6 |
---------------+-------------------+-----
Stealth        | 1 2 3 4 |  4.7
Fighting       | 2 3 |  3.3
Unarmed Combat | 4 5 |  5.8
Dodging        | 3 |  3.9
Spellcasting   | |  2.0
Transmutations | |  2.0

Action                   |  1- 3 |  4- 6 |  7- 9 || total
-------------------------+-------+-------+-------++-------
Melee: Unarmed           |    39 |    16 |    10 ||    65
       Constrict         |    11 |     9 |     2 ||    22
       Kick              |    12 |     7 |       ||    19
       Tentacles         |     7 |     8 |     4 ||    19
       Punch             |     1 |     4 |       ||     5
       Short sword       |       |    31 |    23 ||    54
 Fire: Hunting sling     |     6 |    77 |       ||    83
 Cast: Beastly Appendage |    21 |    10 |       ||    31
       Spider Form       |       |       |     2 ||     2
 Stab: Sleeping          |     2 |     2 |     1 ||     5
Armor: Skin              |     4 |     6 |     1 ||    11
Dodge: Dodged            |    33 |    52 |    38 ||   123

Levels and vault maps discovered:
D:1:      sevenhm_arrival_forest_fort_small_3, layout_loops_ring,
          hangedman_decor_lopped
D:2:      layout_loops_ring, hellmonk_ecumenical_altar_watching_god
D:3:      minmay_chambers_of_threes, layout_loops_ring, dancing_weapons_uskayaw,
          mainiacjoe_overflow_small_starburst,
          mainiacjoe_overflow_six_doors_small, serial_shops, shop
D:4:      layout_loops_cross, nicolae_overflow_hidden_temple,
          minmay_temple_entry_proselytizer
D:5:      layout_loops_ring, minmay_door_square, minmay_liquid_box
Temple:   nicolae_temple_no_exploring_needed

Notes
Turn   | Place    | Note
-------+----------+-------------------------------------------
     0 | D:1      | zeratav the Octopode Transmuter began the quest for the
                  | Orb.
     0 | D:1      | Reached XP level 1. HP: 13/13 MP: 3/3
     0 | D:1      | magus.rc [v1.9.6]
   102 | D:1      | Reached XP level 2. HP: 9/18 MP: 5/5
   134 | D:1      | Reached skill level 1 in Stealth
   263 | D:1      | You pick up a book of Weapons and begin reading...
   263 | D:1      | You add the spells Portal Projectile, Excruciating Wounds
                  | and Blade Hands to your library.
   830 | D:1      | You pick up a book of Dreams and begin reading...
   830 | D:1      | You add the spells Ensorcelled Hibernation and Anguish to
                  | your library.
  1258 | D:2      | Identified the +2 hunting sling "Qusk" {freeze, Stlth+}
  1333 | D:2      | Reached XP level 3. HP: 23/23 MP: 4/6
  1442 | D:2      | Noticed a great orb of eyes
  1446 | D:2      | Noticed a great orb of eyes
  1448 | D:2      | Found a faded altar of an unknown god.
  1450 | D:2      | Noticed a great orb of eyes
  1450 | D:2      | Noticed a floating eye
  1739 | D:3      | Noticed a bullfrog
  1739 | D:3      | Found a glowing silver altar of Zin.
  1749 | D:2      | Killed a bullfrog
  1750 | D:2      | Reached skill level 2 in Fighting
  1750 | D:2      | Reached skill level 2 in Stealth
  1750 | D:2      | Reached skill level 4 in Unarmed Combat
  1750 | D:2      | Reached XP level 4. HP: 9/29 MP: 5/7
  2349 | D:3      | Noticed a +0 hand axe
  2351 | D:3      | Noticed a +0 dagger
  2353 | D:3      | Found a hide-covered altar of Uskayaw.
  2382 | D:3      | Found Kuott's Assorted Antiques.
  2656 | D:3      | Reached XP level 5. HP: 34/34 MP: 8/8
  2779 | D:3      | You pick up a book of Armaments and begin reading...
  2779 | D:3      | You add the spells Stone Arrow and Lehudib's Crystal Spear
                  | to your library.
  2909 | D:3      | Found a shimmering blue altar of Sif Muna.
  3130 | D:4      | Noticed a phantom
  3213 | D:4      | Killed a phantom
  3214 | D:4      | Reached skill level 3 in Dodging
  3214 | D:4      | Reached skill level 3 in Stealth
  3407 | D:4      | Reached XP level 6. HP: 41/41 MP: 9/9
  3716 | D:4      | Found a staircase to the Ecumenical Temple.
  3726 | D:4      | Reached skill level 5 in Unarmed Combat
  3728 | Temple   | Entered the Ecumenical Temple
  3735 | Temple   | Became a worshipper of Ashenzari the Shackled
  4255 | D:4      | Found a white marble altar of Elyvilon.
  4412 | D:4      | Found an ancient bone altar of Kikubaaqudgha.
  4456 | D:5      | Entered Level 5 of the Dungeon
  4461 | D:5      | Reached skill level 3 in Fighting
  4461 | D:5      | Reached skill level 4 in Stealth
  4627 | D:4      | Learned a level 3 spell: Spider Form
  4650 | D:5      | Reached XP level 7. HP: 24/46 MP: 10/10
  4867 | D:5      | HP: 10/46 [centaur zombie (4)]
  5330 | D:4      | HP: 10/46 [something (5)]
  5332 | D:4      | HP: 2/46 [something (4)]
  5332 | D:4      | Slain by an orc

Vanquished Creatures
  2 ogres (D:5)
  A phantom (D:4)
  A bullfrog (D:2)
  2 centaur zombies (D:5)
  2 jellies
  An orc priest (D:4)
  A hound skeleton (D:4)
  2 adders (D:3)
  4 gnolls (D:4)
  2 worms
  A dart slug (D:3)
  4 orcs
  3 endoplasms
  4 giant cockroaches
  4 goblins
  7 hobgoblins
  2 jackals (D:4)
  3 quokkas
  7 ball pythons
  4 bats
  5 frilled lizards
  6 kobolds
  3 rats
71 creatures vanquished.

Table legend:
 A = Non-vault XP
 B = Vault XP
 C = Vault XP percentage of total XP
 D = Non-vault monster count
 E = Vault monster count
 F = Vault count percentage of total count
                 A         B        C        D         E       F
            +---------+---------+-------+---------+---------+-------
      Total |     799 |      76 |   8.7 |      58 |      13 |  18.3
            +---------+---------+-------+---------+---------+-------
        D:1 |      24 |       0 |   0.0 |      16 |       0 |   0.0
        D:2 |     107 |       0 |   0.0 |       7 |       0 |   0.0
        D:3 |      33 |      35 |  51.5 |      11 |      12 |  52.2
        D:4 |     248 |      41 |  14.2 |      18 |       1 |   5.3
        D:5 |     387 |       0 |   0.0 |       6 |       0 |   0.0
            +---------+---------+-------+---------+---------+-------

Illustrated notes

Table legend:
 A = Kills in this place as a percentage of kills in entire the game.
 B = Kills by you in this place as a percentage of kills by you in the entire game.
 C = Kills by friends in this place as a percentage of kills by friends in the entire game.
 D = Other kills in this place as a percentage of other kills in the entire game.
 E = Experience gained in this place as a percentage of experience gained in the entire game.
 F = Experience gained in this place divided by the number of levels of this place that you have seen.
                   A       B       C       D       E      F
               +-------+-------+-------+-------+-------+----------------------
         Total | 100.0 | 100.0 |   N/A |   N/A | 100.0 | 145.8
       Dungeon | 100.0 | 100.0 |   N/A |   N/A | 100.0 | 175.0
               +-------+-------+-------+-------+-------+----------------------

Table legend: (Time is in decaauts)
 A = Elapsed time spent in this place.
 B = Non-inter-level travel time spent in this place.
 C = Inter-level travel time spent in this place.
 D = Time resting spent in this place.
 E = Time spent auto-exploring this place.
 F = Levels seen in this place.
 G = Mean time per level.
                   A        B        C        D        E       F      G
               +--------+--------+--------+--------+--------+-----+--------+
         Total |   5341 |   4982 |    359 |    902 |   3249 |   6 |  890.2 |
       Dungeon |   5327 |   4981 |    346 |    902 |   3249 |   5 | 1065.4 |
        Temple |     14 |      1 |     13 |      0 |      0 |   1 |   14.0 |
               +--------+--------+--------+--------+--------+-----+--------+

Top non-repeatable levels by time:
     D:4: 1474 daAuts
     D:3: 1189 daAuts
     D:2: 1071 daAuts
     D:1: 886 daAuts
     D:5: 706 daAuts
  Temple: 14 daAuts
